 Dungeon Crawl Stone Soup version 0.26.1-11-gd32895ea62 (webtiles) character file.

Game seed: 3257964367226721499

814 nomophobia the Chopper (level 7, 0/61 HPs)
             Began as a Minotaur Gladiator on May 19, 2021.
             Was an Initiate of Gozag.
             Slain by a small abomination (16 damage)
             ... on level 5 of the Dungeon.
             The game lasted 00:33:57 (4497 turns).

nomophobia the Chopper (Minotaur Gladiator)         Turns: 4497, Time: 00:34:00

Health: 0/61       AC: 11    Str: 20    XL:     7   Next: 62%
Magic:  6/6        EV:  9    Int:  5    God:    Gozag
Gold:   476        SH:  0    Dex: 12    Spells: 6/6 levels left

rFire    . . .     SeeInvis .   a - +0 war axe
rCold    . . .     Faith    .   (no shield)
rNeg     . . .     Spirit   .   g - +0 chain mail
rPois    .         Reflect  .   c - +0 hat
rElec    .         Harm     .   (no cloak)
rCorr    .         Rampage  .   (no gloves)
Will     .....                  i - +0 pair of boots
Stlth    ..........             (no amulet)
HPRegen  0.20/turn              (no ring)
MPRegen  0.10/turn              (no ring)

@: gold aura
A: retaliatory headbutt, horns 2
a: Renounce Religion, Potion Petition, Call Merchant, Bribe Branch


You were on level 5 of the Dungeon.
You worshipped Gozag.
Gozag was aware of your devotion.
You visited 1 branch of the dungeon, and saw 5 of its levels.

You collected 526 gold pieces.
You paid 50 gold pieces to Gozag.

Inventory:

Hand Weapons
 a - a +0 war axe (weapon)
 m - a +2 falchion of protection
Missiles
 d - 3 throwing nets (quivered)
Armour
 c - a +0 hat (worn)
 g - a +0 chain mail (worn)
 i - a +0 pair of boots (worn)
Jewellery
 l - a +6 ring of intelligence
Scrolls
 n - a scroll of identify
 o - a scroll of enchant armour {unknown}
 r - a scroll of magic mapping {unknown}
Potions
 b - 2 potions of flight
 e - a potion of lignification
 f - a potion of resistance {unknown}
 h - a potion of attraction {unknown}
 j - a potion of ambrosia {unknown}
 k - 3 potions of haste {unknown}
 p - a potion of curing {unknown}
 q - a potion of might {unknown}
 s - a potion of brilliance {unknown}


   Skills:
 + Level 5.0 Fighting
 * Level 7.4 Axes
 - Level 2.0 Throwing
 * Level 6.4 Armour
 - Level 3.2 Dodging


You had 6 spell levels left.
You didn't know any spells.
Your spell library was empty.

Dungeon Overview and Level Annotations

Branches:
Dungeon (5/15)
 Temple: D:4-7

Altars:
Ashenzari
Gozag
Makhleb
Trog
Xom

Portals:
Abyss: D:5

Annotations:
D:5 1 transporter, solopath's ghost, amateur FoEE


Innate Abilities, Weirdness & Mutations

You reflexively headbutt those who attack you in melee.
You have a pair of horns on your head.


Message History

The big kobold is severely wounded.
The big kobold closely misses you. You furiously retaliate!
You headbutt the big kobold.
You hit the big kobold but do no damage.
The big kobold is almost dead.
The big kobold hits you but does no damage.
Space bends around you. The big kobold barely misses you.
You hit the big kobold but do no damage.
The big kobold is almost dead.
The big kobold barely misses you.
You hit the big kobold.
You kill the big kobold!
Your Fighting skill increases to level 5!
You closely miss the small abomination.
The small abomination is heavily damaged.
The small abomination hits you!
* * * LOW HITPOINT WARNING * * *
The small abomination hits you!
You die...
Your body crumbles into a pile of gold.

#..# #.# #. #.# ..#.#.# #<.#
####.# #.# ##.# ......# #..#
##....### #!..##.##..#.#.#
#..###.#.....###.#..©.........#
#..##.#..###.......####.#####.#
#..#.##.##.###..?###..#.#
#....##.# #(.#..##$..##.#
#.##.##.## #.####x#..#..##
#.###.#..## #..@xW#(.##..# #.#
#.#..##.^#.##..#x##.##
#.#####....#.#.....##WW#..###.##
......>..###...###.#.∩##........
..#####.##..####.##.# #..######.
#. #.#...##....#..##.........
#.#..##...###.#.##..#####.
#.##.##..##.####.#..#
#..#.^#..#©.#.(.##.##


You could see 2 small abominations and solopath's ghost.

Vanquished Creatures
  Grinder (D:3)
  A big kobold (D:5)
  A bullfrog (D:3)
  2 scorpions
  A crimson imp (D:4)
  A hound (D:4)
  An iguana (D:4)
  An orc wizard (D:3)
  Jessica (D:3)
  Natasha (twice) (D:3)
  A worker ant (D:4)
  3 adders
  A white imp (D:5)
  2 oozes
  2 adder zombies (D:2)
  2 adder skeletons (D:2)
  3 worms
  A dart slug (D:2)
  3 leopard geckos
  12 orcs (D:3)
  6 bats
  8 giant cockroaches
  9 goblins
  3 hobgoblins
  5 jackals
  9 kobolds
  2 quokkas (D:2)
  A ball python (D:3)
  7 frilled lizards
  A jackal skeleton (D:2)
  A leopard gecko skeleton (D:4)
  A quokka skeleton (D:4)
  9 rats
104 creatures vanquished.

Vanquished Creatures (others)
  6 withered plants (D:2)
6 creatures vanquished.

Grand Total: 110 creatures vanquished

Notes
Turn   | Place    | Note
-------+----------+-------------------------------------------
     0 | D:1      | nomophobia the Minotaur Gladiator began the quest for the
                  | Orb.
     0 | D:1      | Reached XP level 1. HP: 18/18 MP: 0/0
   122 | D:1      | Reached skill level 1 in Armour
   452 | D:1      | Reached XP level 2. HP: 25/25 MP: 1/1
   520 | D:1      | Reached skill level 4 in Axes
  1069 | D:2      | Reached XP level 3. HP: 9/30 MP: 2/2
  1474 | D:2      | Reached XP level 4. HP: 38/38 MP: 3/3
  2063 | D:3      | Noticed a bullfrog
  2066 | D:3      | Killed a bullfrog
  2067 | D:3      | Reached skill level 5 in Axes
  2067 | D:3      | Reached XP level 5. HP: 39/45 MP: 4/4
  2164 | D:3      | Found an opulent altar of Gozag.
  2179 | D:3      | Became a worshipper of Gozag Ym Sagoz the Greedy
  2192 | D:3      | Noticed Jessica
  2195 | D:3      | Killed Jessica
  2328 | D:3      | Noticed Natasha
  2334 | D:3      | Killed Natasha
  2438 | D:3      | Noticed Grinder
  2468 | D:3      | Killed Grinder
  2469 | D:3      | Reached skill level 6 in Axes
  2469 | D:3      | Reached skill level 5 in Armour
  2469 | D:3      | Reached XP level 6. HP: 34/53 MP: 5/5
  2825 | D:3      | Noticed Natasha
  2831 | D:3      | Killed Natasha
  2837 | D:3      | Reached XP level 7. HP: 43/60 MP: 6/6
  3480 | D:4      | Found a shimmering altar of Xom.
  3480 | D:4      | Found a burning altar of Makhleb.
  3927 | D:4      | Found a bloodstained altar of Trog.
  3927 | D:4      | Found a broken altar of Ashenzari.
  4157 | D:4      | Reached skill level 7 in Axes
  4307 | D:5      | Entered Level 5 of the Dungeon
  4434 | D:5      | Found a transporter.
  4472 | D:5      | Found a one-way gate to the infinite horrors of the Abyss.
  4472 | D:5      | Noticed solopath's ghost (amateur FoEE)
  4478 | D:5      | Found a transporter.
  4481 | D:5      | Noticed a small abomination
  4497 | D:5      | Reached skill level 5 in Fighting
  4497 | D:5      | Slain by a small abomination

Illustrated notes

Levels and vault maps discovered:
D:1:      matt_arrival_diagonals, layout_basic, minivault_27,
          minmay_misc_feat_four_crosses
D:2:      layout_rooms, serial_undead, serial_undead_c, serial_undead_f,
          serial_undead_c, serial_undead_e, serial_undead_c, serial_undead_e
D:3:      layout_loops_corners, grunt_gozag_breadcrumbs, uniq_grinder,
          uniq_natasha, uniq_jessica
D:4:      layout_basic, grunt_temple_overflow_champion_of_chaos,
          gammafunk_temple_overflow_statue
D:5:      layout_loops_ring, gammafunk_ghost_abyssal_escape,
          portal_sewer_entry_e, serial_glass, glass_columns_b, glass_columns_a

Skill      XL: |  1  2  3  4  5  6  7 |
---------------+----------------------+-----
Armour         | 1 2 3 5 6 |  6.4
Axes           | 4 5 6 7 |  7.4
Fighting       | 3 4 5 |  5.0
Throwing       | |  2.0
Dodging        | |  3.2

Action                   |  1- 3 |  4- 6 |  7- 9 || total
-------------------------+-------+-------+-------++-------
Melee: War axe           |    77 |   114 |    62 ||   253
       Headbutt          |     9 |    15 |    13 ||    37
       Unarmed           |       |       |    10 ||    10
  Use: Scroll            |     1 |     6 |       ||     7
Armor: Leather armour    |     5 |       |       ||     5
       Chain mail        |    47 |    60 |    38 ||   145
Dodge: Dodged            |    40 |    44 |    42 ||   126
